Map: Overgrowth LE (Void)

Players

urazs

  • Race: Terran Terran
  • League: Platinum
  • Spawn Location: 1:00

Shinluu - Winner!

  • Race: Protoss Protoss
  • Spawn Location: 7:00

VOD

Have the link to the VOD?

Description

Time

  • Played on: Dec. 3, 2016, 4:24 a.m.
  • Length: 40:17
Show
View Real Time Build Order
Export as new Build Order

urazs Terran 

Build Orders:  

Get SALT Encoding   

  12  0:00  SCV  
  13  0:13  SCV  
  14  0:18  Supply Depot  
  14  0:25  SCV  
  15  0:40  SCV  
  15  0:42  Barracks  
  16  0:49  Supply Depot  
  16  0:52  SCV  
  17  1:07  SCV  
  18  1:12  Barracks  
  18  1:19  SCV  
  19  1:29  Barracks, Marine  
  20  1:35  SCV  
  20  1:39  Refinery  
  21  1:49  Marine  
  22  1:55  SCV  
  22  1:59  Refinery  
  22  2:00  Marine  
  24  2:07  SCV, Marine  
  26  2:11  Supply Depot  
  26  2:18  Marine x2  
  28  2:25  SCV, Marine  
  30  2:35  Supply Depot, Marine  
  31  2:37  Marine  
  32  2:44  Marine  
  33  2:53  Marine  
  33  2:55  Marine  
  35  3:02  Marine  
  35  3:03  Engineering Bay  
  36  3:11  Marine  
  37  3:12  Marine  
  38  3:20  Marine  
  39  3:29  Marine  
  39  3:30  Planetary Fortress, Marine  
  41  3:38  Marine  
  42  3:45  Supply Depot  
  42  3:47  Marine  
  42  3:48  Marine  
  43  3:56  Marine  
  44  4:04  Marine  
  45  4:24  Marine x3  
  42  4:42  Marine x3  
  43  4:59  Marine  
  41  5:00  Marine x2  
  37  5:17  Marine x2  
  37  5:18  Marine  
  40  5:35  Marine x3  
  33  5:53  Marine x3  
  36  5:57  Factory  
  36  6:01  Factory  
  34  6:11  Marine x3  
  35  6:26  Terran Infantry Weapons Level 1  
  35  6:39  Bunker  
  35  6:42  Widow Mine  
  35  6:45  Factory Tech Lab, Bunker  
  37  6:49  Starport  
  37  6:51  Starport, SCV  
  38  7:03  SCV  
  38  7:05  Siege Tank  
  42  7:14  Liberator x2  
  42  7:29  Command Center  
  48  7:43  Siege Tank  
  51  7:53  Widow Mine  
  53  8:16  Supply Depot  
  53  8:19  Supply Depot  
  53  8:20  Liberator x2  
  59  8:43  Planetary Fortress  
  59  8:51  Command Center  
  59  9:03  Liberator x2  
  65  9:54  Siege Tank, Widow Mine  
  65  9:59  SCV  
  71  10:11  SCV  
  72  10:23  SCV  
  73  10:35  SCV  
  74  10:43  Starport Tech Lab x2  
  74  10:47  SCV  
  74  10:49  Refinery  
  75  10:50  Missile Turret  
  75  10:51  Refinery  
  75  10:56  Missile Turret  
  75  10:59  SCV  
  75  11:02  Missile Turret  
  76  11:06  Cloaking Field  
  76  11:10  Hyperflight Rotors  
  76  11:11  SCV, Banshee  
  76  11:16  Banshee  
  83  11:23  SCV  
  83  11:24  Planetary Fortress  
  84  11:45  Missile Turret  
  84  11:48  Missile Turret  
  84  11:49  SCV  
  84  11:52  Refinery  
  84  11:53  Refinery  
  85  11:59  Banshee  
  85  12:01  SCV  
  89  12:06  Banshee  
  92  12:13  SCV  
  92  12:14  SCV  
  94  12:25  SCV  
  94  12:26  SCV  
  96  12:30  Widow Mine  
  98  12:37  SCV  
  98  12:38  SCV  
  100  12:50  SCV  
  101  12:58  Supply Depot  
  101  13:09  Supply Depot  
  101  13:11  Supply Depot  
  101  13:19  Banshee x2  
  101  13:20  SCV  
  101  13:24  SCV  
  109  13:32  Supply Depot x2  
  109  13:43  Missile Turret  
  109  13:52  Starport  
  109  13:54  Building Armor  
  109  14:02  Banshee x2  
  109  14:09  Command Center  
  115  14:11  SCV  
  116  14:23  SCV  
  117  14:29  Starport Tech Lab  
  117  14:33  Starport  
  117  14:45  Banshee x2  
  117  14:47  Banshee  
  126  14:54  Marine x3  
  129  15:09  Starport Tech Lab  
  129  15:12  Marine x3  
  132  15:25  Barracks  
  132  15:26  Barracks  
  132  15:27  Planetary Fortress  
  132  15:28  Banshee x2  
  138  15:29  Barracks  
  138  15:30  Marine, Banshee  
  138  15:34  Banshee  
  136  16:11  Banshee x2  
  135  16:13  Banshee  
  135  16:17  Banshee  
  141  16:22  Supply Depot  
  141  16:28  Supply Depot  
  141  16:53  Banshee x2  
  147  16:54  Supply Depot  
  147  16:55  Banshee  
  147  17:00  Banshee  
  153  17:16  Siege Tank  
  156  17:36  Banshee x2  
  162  17:38  Banshee  
  150  19:57  Banshee x2  
  150  19:58  Banshee x2  
  162  20:40  Banshee  
  165  23:10  Banshee  
  165  23:28  Supply Depot  
  165  23:48  Supply Depot  
  165  23:49  Banshee x2  
  165  23:50  Supply Depot  
  171  23:55  Supply Depot  
  171  23:59  Supply Depot  
  171  24:09  Banshee x2  
  177  24:32  Banshee x2  
  180  24:52  Banshee x2  
  174  25:15  Banshee x2  
  180  25:35  Banshee x2  
  180  25:58  Banshee x2  
  186  26:18  Banshee x2  
  189  26:41  Banshee x2  
  195  27:01  Banshee x2  
  171  27:24  Banshee x2  
  177  27:44  Banshee  
Show
View Real Time Build Order
Export as new Build Order

Shinluu Protoss - Winner!

Build Orders:  

Get SALT Encoding   

  12  0:08  Pylon  
  12  0:13  Probe (Chrono Boost)  
  13  0:29  Gateway  
  13  0:34  Probe (Chrono Boost)  
  14  0:45  Assimilator, Probe (Chrono Boost)  
  15  1:08  Probe (Chrono Boost)  
  16  1:16  Cybernetics Core  
  16  1:19  Probe (Chrono Boost)  
  16  1:22  Zealot  
  17  1:31  Probe (Chrono Boost)  
  20  1:34  Gateway  
  20  1:50  Stalker  
  20  1:58  Warp Gate  
  23  2:01  Probe (Chrono Boost)  
  23  2:06  Pylon  
  23  2:23  Stalker  
  23  2:28  Stalker  
  27  2:48  Nexus  
  25  2:57  Pylon  
  25  3:04  Stalker  
  27  3:07  Stalker  
  29  3:18  Pylon  
  27  3:35  Adept  
  27  3:38  Adept  
  23  4:27  Adept x2  
  23  4:29  Mothership Core (Chrono Boost)  
  23  4:30  Probe (Chrono Boost)  
  26  4:41  Probe (Chrono Boost)  
  26  4:57  Adept x2  
  30  5:04  Probe (Chrono Boost)  
  30  5:05  Probe (Chrono Boost)  
  28  5:14  Probe (Chrono Boost)  
  28  5:17  Probe (Chrono Boost)  
  28  5:20  Adept x2  
  34  5:25  Probe (Chrono Boost)  
  36  5:30  Probe (Chrono Boost)  
  36  5:36  Probe (Chrono Boost)  
  36  5:40  Adept  
  36  5:41  Adept  
  39  5:57  Gateway x2  
  39  6:01  Pylon, Probe (Chrono Boost)  
  39  6:02  Probe (Chrono Boost)  
  39  6:03  Pylon  
  41  6:12  Assimilator, Probe (Chrono Boost)  
  41  6:14  Probe (Chrono Boost)  
  43  6:22  Probe (Chrono Boost)  
  45  6:26  Adept x2  
  45  6:27  Probe (Chrono Boost)  
  49  6:34  Assimilator  
  49  6:40  Pylon  
  49  6:42  Probe (Chrono Boost)  
  49  6:43  Probe (Chrono Boost)  
  51  6:55  Adept x2  
  55  7:14  Probe (Chrono Boost)  
  55  7:15  Probe (Chrono Boost)  
  57  7:17  Stalker x3  
  57  7:18  Stalker  
  57  7:19  Nexus  
  57  7:21  Pylon x2  
  65  7:24  Probe (Chrono Boost)  
  65  7:27  Probe (Chrono Boost)  
  67  7:33  Pylon x2  
  67  7:39  Robotics Facility  
  67  7:46  Assimilator  
  67  7:53  Stalker x3  
  67  7:55  Stalker  
  75  8:12  Probe (Chrono Boost)  
  77  8:13  Probe (Chrono Boost)  
  77  8:17  Stalker  
  79  8:22  Probe (Chrono Boost)  
  79  8:25  Probe (Chrono Boost)  
  79  8:26  Pylon  
  81  8:28  Pylon  
  81  8:44  Immortal  
  81  8:47  Robotics Bay  
  85  8:50  Robotics Facility  
  85  8:59  Stalker x3  
  85  9:00  Stalker  
  93  9:07  Probe x2 (Chrono Boost)  
  93  9:08  Probe (Chrono Boost)  
  96  9:10  Pylon  
  96  9:20  Probe (Chrono Boost)  
  95  9:49  Stalker  
  95  9:50  Stalker x3, Immortal x2  
  113  10:00  Probe x2 (Chrono Boost)  
  113  10:01  Probe (Chrono Boost)  
  114  10:18  Pylon  
  114  10:22  Colossus x2  
  114  10:28  Extended Thermal Lance, Assimilator  
  126  10:37  Assimilator  
  126  10:39  Probe (Chrono Boost)  
  126  10:40  Probe (Chrono Boost)  
  128  10:56  Adept  
  130  10:58  Twilight Council  
  130  11:07  Probe x2 (Chrono Boost)  
  130  11:08  Colossus, Probe (Chrono Boost)  
  133  11:17  Colossus  
  145  11:34  Resonating Glaives  
  145  11:55  Colossus  
  151  12:09  Stalker x3  
  157  12:18  Pylon  
  157  12:19  Pylon  
  157  12:21  Pylon  
  157  12:22  Pylon  
  157  12:29  Colossus  
  163  12:41  Colossus  
  163  13:05  Forge  
  163  13:06  Forge  
  163  13:08  Blink  
  163  13:15  Colossus, Stalker x4  
  171  13:23  Nexus  
  171  13:26  Pylon  
  177  13:41  Observer  
  178  13:52  Probe x2 (Chrono Boost)  
  178  13:54  Protoss Ground Armor Level 1, Protoss Ground Weapons Level 1, Assimilator  
  180  14:00  Observer  
  180  14:01  Stalker x4  
  188  14:09  Observer  
  190  14:19  Observer  
  191  14:35  Pylon  
  191  15:05  Stalker x2  
  191  15:06  Stalker x2  
  199  15:21  Pylon  
  199  15:23  Gateway  
  199  15:25  Gateway  
  199  15:27  Gateway  
  199  15:28  Gateway  
  199  15:31  Gateway x2  
  199  15:35  Photon Cannon  
  199  15:37  Photon Cannon x2  
  199  15:38  Photon Cannon  
  199  15:42  Gateway x2  
  199  15:44  Gateway  
  199  15:56  Gateway  
  199  15:58  Gateway  
  199  15:59  Gateway  
  199  16:00  Gateway  
  199  16:01  Pylon  
  197  16:07  Pylon  
  197  16:11  Photon Cannon  
  197  16:22  Probe (Chrono Boost)  
  197  16:23  Probe x2 (Chrono Boost)  
  197  16:25  Assimilator  
  200  16:33  Protoss Ground Weapons Level 2  
  200  16:37  Protoss Ground Armor Level 2  
  200  16:56  Forge  
  200  17:13  Nexus  
  200  17:26  Nexus  
  200  17:27  Pylon  
  198  17:30  Stalker  
  198  17:36  Pylon  
  200  17:38  Pylon  
  182  18:10  Protoss Shields Level 1  
  175  18:47  Cybernetics Core  
  175  18:49  Cybernetics Core  
  173  19:03  Nexus  
  174  19:10  Probe (Chrono Boost)  
  174  19:11  Probe (Chrono Boost)  
  174  19:12  Probe (Chrono Boost)  
  174  19:13  Pylon  
  174  19:14  Pylon  
  176  19:24  Stalker x3  
  176  19:25  Stalker x2  
  186  19:36  Pylon  
  185  19:57  Observer  
  185  19:58  Observer  
  187  20:17  Nexus  
  187  20:19  Observer  
  188  20:38  Stalker x4  
  188  20:41  Photon Cannon x2  
  196  20:44  Photon Cannon  
  190  21:54  Pylon  
  189  21:55  Pylon  
  189  21:56  Pylon  
  189  21:58  Pylon  
  189  22:07  Forge, Pylon x2  
  189  22:08  Forge  
  189  22:09  Forge  
  189  22:10  Pylon  
  189  22:13  Pylon  
  189  22:15  Pylon  
  189  22:17  Pylon  
  189  22:23  Nexus  
  189  22:25  Pylon  
  188  22:30  Pylon  
  188  22:32  Protoss Ground Weapons Level 3  
  188  22:35  Protoss Shields Level 2  
  188  22:42  Protoss Ground Armor Level 3  
  188  22:47  Stalker x2  
  188  22:48  Stalker x4  
  200  23:34  Pylon  
  200  23:36  Pylon  
  200  23:46  Pylon x2  
  200  23:48  Pylon  
  200  23:53  Assimilator  
  200  23:56  Assimilator  
  200  23:58  Pylon  
  192  25:10  Pylon  
  190  25:14  Nexus  
  190  25:17  Nexus  
  190  25:18  Pylon  
  190  25:20  Pylon  
  190  25:23  Pylon  
  189  26:18  Nexus  
  189  26:22  Pylon x2  
  189  26:23  Pylon  
  189  26:25  Pylon  
  189  26:27  Pylon  
  189  26:29  Pylon  
  189  26:31  Pylon  
  189  26:33  Pylon  
  189  26:34  Stalker  
  189  27:16  Stalker  
  191  28:00  Gateway  
  191  28:02  Gateway  
  191  28:04  Gateway  
  191  28:05  Gateway  
  191  28:06  Protoss Shields Level 3  
  191  28:10  Gateway  
  191  28:12  Gateway  
  191  28:15  Gateway  
  191  28:17  Nexus, Gateway  
  191  28:20  Gateway  
  191  28:23  Gateway  
  180  29:04  Probe (Chrono Boost)  
  180  29:05  Probe (Chrono Boost)  
  182  29:58  Nexus  
  182  30:02  Pylon  
  181  30:41  Gateway x2  
  181  30:44  Gateway  
  181  30:46  Gateway  
  181  30:47  Gateway  
  181  30:50  Gateway  
  177  32:07  Nexus  
  177  32:13  Pylon  
  177  32:15  Pylon  
  177  32:19  Pylon  
  177  32:23  Pylon  
  177  32:42  Assimilator  
  177  32:46  Assimilator  
  177  32:56  Nexus  
  173  34:26  Assimilator  
  173  34:28  Assimilator  
Tags
 
Add a new tag
Caveats
  • Supply blocks, unpowered buildings, or Contaminate may cause inaccurate times.
  • Supply counts are checked every 10 seconds.